 Dungeon Crawl Stone Soup version 0.26-a0-665-gefeb406119 (webtiles) character file.

Game seed: 10935934203404363839

148 robertstho the Bolt Thrower (level 5, -17/32 HPs)
             Began as a Kobold Hunter on Oct 15, 2020.
             Demolished by an ogre
             ... wielding a +0 giant club
              (24 damage)
             ... on level 4 of the Dungeon.
             The game lasted 00:01:53 (1180 turns).

robertstho the Bolt Thrower (Kobold Hunter)         Turns: 1180, Time: 00:01:56

Health: -17/32     AC:  5    Str: 10    XL:     5   Next: 56%
Magic:  5/5        EV: 13    Int: 13    God:
Gold:   127        SH:  0    Dex: 15    Spells: 4/4 levels left

rFire    . . .     SeeInvis .   a - +1 hand crossbow
rCold    . . .     Faith    .   (shield restricted)
rNeg     . . .     Spirit   .   k - +0 ring mail
rPois    .         Reflect  .   (no helmet)
rElec    .         Harm     .   (no cloak)
rCorr    .         Rampage  .   (no gloves)
MR       .....                  (no boots)
Stlth    +++.......             (no amulet)
HPRegen  0.10/turn              (no ring)
MPRegen  0.09/turn              (no ring)

@: no status effects
A: small, nightstalker 3
a: no special abilities


You were on level 4 of the Dungeon.
You visited 1 branch of the dungeon, and saw 3 of its levels.

You collected 127 gold pieces.

Inventory:

Hand Weapons
 a - a +1 hand crossbow (weapon)
 l - a +2 trident of freezing
Missiles
 d - 39 bolts (quivered)
Armour
 k - a +0 ring mail (worn)
Scrolls
 c - a scroll of teleportation {unknown}
 e - a scroll of enchant armour {unknown}
 h - a scroll of remove curse {unknown}
 j - a scroll of enchant weapon
Potions
 f - a potion of curing
 g - a potion of haste
 i - 2 potions of cancellation


   Skills:
 * Level 3.2 Fighting
 + Level 6.4 Crossbows
 + Level 0.1 Armour
 + Level 2.6 Dodging
 * Level 3.5 Stealth


You had 4 spell levels left.
You didn't know any spells.
Your spell library was empty.

Dungeon Overview and Level Annotations

Branches:
Dungeon (4/15)
 Temple: D:4-7

Altars:
Nemelex Xobeh
Wu Jian


Innate Abilities, Weirdness & Mutations

You are small and have problems with some larger weapons.
You are completely attuned to the shadows.


Message History

The bolt hits the ogre but does no damage.
The ogre shouts!
You shoot a bolt. The bolt barely misses the ogre.
The ogre barely misses you.
You shoot a bolt. The bolt hits the ogre!
The ogre is heavily wounded.
The ogre hits you with a +0 giant club!!
Ouch! That really hurt!
* * * LOW HITPOINT WARNING * * *
You are too injured to fight recklessly!
You are too injured to fight recklessly!
You are too injured to fight recklessly!
You see here a +0 short sword.
Firing (i - inventory)
d - 40 bolts (quivered)
Press: ? - help, Shift-Dir - straight line, f/p - ogre
Aim: an ogre, wielding a +0 giant club (heavily wounded)
You shoot a bolt. The bolt hits the ogre.
The ogre is severely wounded.
The ogre hits you with a +0 giant club!!
Ouch! That really hurt!
You die...

######## ##......###
##.........##
#...........##
###.....♣@O(...#
#####.'....♣†♣♣♣(..#
#.....#....♣...♣....
#.#####....♣.♣.♣(...
#.# ###....♣†..♣...(
####.#...##...♣♣♣.♣
......... .♣..
.....#.<# . ...
######..# ..


You could see an ogre.

Vanquished Creatures
  A scorpion (D:4)
  A hound (D:4)
  A worker ant (D:4)
  A howler monkey skeleton (D:4)
  An adder (D:4)
  A worm (D:2)
  A dart slug (D:4)
  3 hobgoblins
  6 jackals (D:1)
  A kobold (D:1)
  A quokka (D:4)
  2 bats (D:1)
  3 frilled lizards
  3 rats
26 creatures vanquished.

Notes
Turn   | Place    | Note
-------+----------+-------------------------------------------
     0 | D:1      | robertstho the Kobold Hunter began the quest for the Orb.
     0 | D:1      | Reached XP level 1. HP: 12/12 MP: 1/1
   199 | D:1      | Reached skill level 5 in Crossbows
   291 | D:1      | Reached XP level 2. HP: 17/17 MP: 2/2
   658 | D:2      | Reached XP level 3. HP: 21/21 MP: 3/3
   666 | D:2      | Found a sparkling altar of Nemelex Xobeh.
   708 | D:2      | You fall into a shaft and drop 2 floors!
   784 | D:4      | Reached XP level 4. HP: 26/27 MP: 4/4
   876 | D:4      | Found an ornate altar of the Wu Jian Council.
   931 | D:4      | Reached skill level 6 in Crossbows
   931 | D:4      | Reached XP level 5. HP: 32/32 MP: 5/5
  1174 | D:4      | Noticed an ogre
  1180 | D:4      | Demolished by an ogre

Illustrated notes

Levels and vault maps discovered:
D:1:      heliophobic_arrival_dark_side_of_the_moon, layout_basic
D:2:      layout_basic, lemuel_doored_altar, uniq_jessica, uniq_terence
D:4:      layout_basic, overflow_temple_1_default, gup_sewer_entry_spiral,
          kennysheep_potato

Skill      XL: |  1  2  3  4 |
---------------+-------------+-----
Crossbows      | 5 6 |  6.4
Stealth        | 2 3 |  3.5
Fighting       | 3 |  3.2
Armour         | |  0.1
Dodging        | |  2.6

Action                   |  1- 3 |  4- 6 || total
-------------------------+-------+-------++-------
 Fire: Hand crossbow     |    49 |    22 ||    71
  Use: Scroll            |       |     4 ||     4
Armor: Leather armour    |     5 |       ||     5
       Ring mail         |       |     2 ||     2
Dodge: Dodged            |    21 |     7 ||    28

Table legend: (Time is in decaauts)
 A = Elapsed time spent in this place.
 B = Non-inter-level travel time spent in this place.
 C = Inter-level travel time spent in this place.
 D = Time resting spent in this place.
 E = Time spent auto-exploring this place.
 F = Levels seen in this place.
 G = Mean time per level.
                   A        B        C        D        E       F      G
               +--------+--------+--------+--------+--------+-----+--------+
         Total |   1194 |   1172 |     22 |      0 |    932 |   3 |  398.0 |
       Dungeon |   1194 |   1172 |     22 |      0 |    932 |   3 |  398.0 |
               +--------+--------+--------+--------+--------+-----+--------+

Top non-repeatable levels by time:
     D:1: 597 daAuts
     D:4: 477 daAuts
     D:2: 119 daAuts
